AoeStats
← Guido166

Arena

510436749Analyzed
2v2 RM · 1d ago on Oct 1, 2026· 49m 46s· 4 players
Game mode
Random Map
Map size
Medium (4 player)
Population
200
Speed
Normal
Resources
Standard
Victory
Conquest
Starting age
Dark Age
Ending age
Imperial Age
RankedLock teamsTeams togetherTeam positionsShared explorationLock speedFull tech treeHidden civsTurbo modeCheats
Victory
Defeat
🇨🇴 Koreans · Colombia
1059
+15
🇨🇴 Spanish · Colombia
1044
+16
🇦🇷 Inca · Argentina
1085
-17
🇦🇷 Spanish · Argentina
1009
-14
diegoperezprofe
7:30 Loom
9:49 Feudal Age
16:39 Castle Age
Guido166
10:55 Feudal Age
12:04 Horse Collar
13:31 Loom
15:40 Wheelbarrow
17:08 Castle Age
15:24 Double-Bit Axe
16:21 Fletching
16:30 Stone Mining
24:21 Padded Archer Armor
31:07 Imperial Age
30:28 Bloodlines
30:33 Gold Mining
32:41 Husbandry
33:07 Conscription
35:33 Ballistics
34:44 Cavalier
36:27 Leather Archer Armor
36:09 Elite Conquistador
41:17 Chemistry
43:20 Ring Archer Armor
45:26 Wheelbarrow
Moncad47372
7:21 Loom
10:01 Feudal Age
11:05 Double-Bit Axe
18:08 Castle Age
16:15 Horse Collar
16:46 Stone Mining
19:49 Fletching
21:09 Gold Mining
34:08 Bodkin Arrow
39:20 Imperial Age
39:33 Elite Skirmisher
41:04 Bracer
42:10 Chemistry
45:55 Ballistics
45:18 Treadmill Crane
47:10 Scale Barding Armor
El_Lanista
10:05 Feudal Age
10:52 Town Watch
12:21 Loom
15:35 Castle Age
13:48 Double-Bit Axe
13:55 Horse Collar
14:49 Gold Mining
15:11 Stone Mining
17:23 Wheelbarrow
20:44 Padded Archer Armor
26:37 Leather Archer Armor
32:34 Imperial Age
30:37 Bloodlines
31:27 Heavy Plow
31:41 Bow Saw
33:43 Hand Cart
34:02 Ring Archer Armor
35:07 Conscription
35:28 Scale Barding Armor
35:33 Forging
36:30 Chain Barding Armor
36:11 Town Patrol
36:16 Cavalier
38:39 Chemistry
38:37 Elite Skirmisher
39:32 Thumb Ring
39:41 Fletching
40:39 Bodkin Arrow
41:40 Ballistics
41:35 Bracer
41:38 Husbandry
42:07 Heavy Mounted Crossbowman
46:43 Iron Casting
46:43 Plate Barding Armor
49:47 Two-Man Saw
49:56 Blast Furnace
Connection lost

Rejoining the realm…

Still unreachable

The connection could not be restored.

Session expired

The server has moved on; the page needs a fresh start.